 Dungeon Crawl Stone Soup version 0.30-a0-465-g8901f6c8b5 (webtiles) character file.

Game seed: 12328488355661921622

87364 purpskrrrp the Warrior (level 15, -2/276 HPs)
             Began as an Ogre Gladiator on Dec 19, 2022.
             Was the Champion of Makhleb.
             Shot with an arrow by a centaur warrior (9 damage)
             ... on level 15 of the Dungeon.
             The game lasted 01:14:22 (30837 turns).

purpskrrrp the Warrior (Ogre Gladiator)            Turns: 30837, Time: 01:14:23

Health: -2/276     AC: 17    Str: 34    XL:     15   Next: 90%
Magic:  24/24      EV:  8    Int:  9    God:    Makhleb [******]
Gold:   1938       SH:  0    Dex: 10    Spells: 14/14 levels left

rFire   + + +      SeeInvis +    s - +8 whip "Snakebite" {venom, curare, rPois}
rCold   . . .      Faith    .    (no shield)
rNeg    . . .      Spirit   .    d - +3 fire dragon scales
rPois   +          Reflect  .    c - +0 hat
rElec   .          Harm     .    b - scarf {rC+ rF+}
rCorr   .          Rampage  .    (gloves unavailable)
Will    +....      Clarity  +    (boots unavailable)
Stlth   ..........               u - amulet of the acrobat
HPRegen 0.00/turn                O - ring of see invisible
MPRegen 0.19/turn                A - +6 ring of strength

@: confused, berserking, ambrosia-drunk, inhibited regen, hasted, studying
Invocations, very quick
A: large, unfitting armour, tough skin 1, horns 1, iridescent scales 2, clarity,
inhibited regeneration
a: Renounce Religion, Minor Destruction, Lesser Servant of Makhleb, Major
Destruction, Greater Servant of Makhleb


You were on level 15 of the Dungeon.
You worshipped Makhleb.
Makhleb was exalted by your worship.
You visited 4 branches of the dungeon, and saw 23 of its levels.
You also visited: Sewer and Volcano.

You collected 3173 gold pieces.
You spent 1235 gold pieces at shops.

Inventory:

Hand Weapons
 s - the +8 whip "Snakebite" (weapon) {venom, curare, rPois}
   (You found it on level 3 of the Dungeon)

   It poisons the flesh of those it strikes.
   It occasionally inflicts asphyxiating poison on those it strikes, dealing
   poison damage and causing slowness.
   rPois:     It protects you from poison.
 t - the +8 morningstar "Giantbane" {vorpal, Dex+7}
   (You found it on level 1 of the Lair of Beasts)

   It inflicts extra damage upon your enemies.
   Dex:       It affects your dexterity (+7).
 G - a +1 broad axe of draining
Missiles
 k - 16 poisoned darts
 p - 2 curare-tipped darts
 r - 11 large rocks
Armour
 b - a scarf of resistance (worn)
 c - a +0 hat (worn)
 d - +3 fire dragon scales (worn)
Jewellery
 i - a ring of magical power
 j - a ring of resist corrosion
 u - an amulet of the acrobat (around neck)
 A - a +6 ring of strength (right hand)
 B - a ring of protection from fire
 O - a ring of see invisible (left hand)
 S - a ring of ice
Wands
 f - a wand of flame (20)
 q - a wand of iceblast (6)
 v - a wand of quicksilver (4)
 w - a wand of mindburst (1)
 I - a wand of polymorph (7)
Scrolls
 a - a scroll of magic mapping
 h - 2 scrolls of amnesia
 m - a scroll of teleportation
 n - a scroll of fog
 L - 4 scrolls of enchant weapon
 R - a scroll of silence
Potions
 e - a potion of resistance
 g - a potion of might
 l - 5 potions of flight
 o - 2 potions of ambrosia
 x - 4 potions of brilliance
 z - a potion of berserk rage
 C - a potion of cancellation
 D - 5 potions of curing
 E - 3 potions of mutation
Miscellaneous
 N - a box of beasts


   Skills:
 * Level 20.3 Fighting
 - Level 4.2(10.9) Axes
 * Level 14.2(14.4) Maces & Flails
 + Level 14.6 Throwing
 + Level 5.4 Armour
 - Level 2.6 Dodging
 + Level 12.8 Invocations


You had 14 spell levels left.
You didn't know any spells.
Your spell library contained the following spells:

 Spells                   Type           Power      Damage    Failure   Level
 Apportation              Tloc           0%         N/A       63%         1
 Foxfire                  Conj/Fire      0%         2x1d4     63%         1
 Kiss of Death            Conj/Necr      0%         2d5       63%         1
 Magic Dart               Conj           0%         1d3       63%         1
 Necrotise                Necr           0%         1d4       63%         1
 Sting                    Tmut/Pois      0%         1d3       63%         1
 Summon Small Mammal      Summ           0%         N/A       63%         1
 Blink                    Tloc           0%         N/A       77%         2
 Call Imp                 Summ           0%         N/A       77%         2
 Cigotuvi's Dreadful Rot  Necr/Pois/Air  0%         N/A       77%         2
 Momentum Strike          Conj/Tloc      0%         3d8       77%         2
 Confusing Touch          Hex            0%         N/A       94%         3
 Gell's Gravitas          Tloc           0%         N/A       94%         3
 Ignite Poison            Fire/Tmut/Pois 0%         N/A       94%         3
 Kindle Blastsparks       Fire/Tloc/Air  0%         2d10      94%         3
 Lesser Beckoning         Tloc           0%         N/A       94%         3
 Teleport Other           Tloc           0%         N/A       94%         3
 Airstrike                Air            0%         2d(0-16)  100%        4
 Dispel Undead            Necr           0%         3d6       100%        4
 Sticky Flame             Conj/Fire      0%         2d3       100%        4
 Summon Lightning Spire   Summ/Air       0%         N/A       100%        4
 Freezing Cloud           Conj/Ice/Air   0%         6-21      100%        5
 Lightning Bolt           Conj/Air       0%         1d11      100%        5
 Death Channel            Necr           0%         N/A       100%        6
 Dispersal                Tloc           0%         N/A       100%        6
 Summon Hydra             Summ           0%         N/A       100%        7
 Ignition                 Fire           0%         3d3       100%        8
 Dragon's Call            Summ           0%         N/A       100%        9


Dungeon Overview and Level Annotations

Branches:
Dungeon (15/15)            Temple (1/1) D:4            Lair (5/5) D:9
 Shoals (0/4) Lair:3       Spider (0/4) Lair:3        Slime (0/5) Lair:5
    Orc (2/2) D:11            Elf (0/3) Orc:2        Vaults (0/5) D:13
  Sewer (visited)         Volcano (visited)
 Depths: D:15

Altars:
Ashenzari
Cheibriados
Dithmenos
Elyvilon
Fedhas
Gozag
Hepliaklqana
Kikubaaqudgha
Makhleb
Nemelex Xobeh
Okawaru
Qazlal
Ru
Sif Muna
Trog
Uskayaw
Vehumet
Wu Jian
Xom
Yredelemnul
Zin
The Shining One
Jiyva

Shops:
D:1 *   D:4 (   D:7 [   D:10 [   D:12 (   Orc:1 !   Orc:2 [(?!:

Portals:
Trove: D:14 (give 17 scrolls of teleportation)

Annotations:
D:9 2 transporters, exclusion: ice statue, cforsyth's ghost, novice TrFi
D:13 1 runed translucent door


Innate Abilities, Weirdness & Mutations

You are too large for most types of armour.
You have tough skin. (AC +1)
You have a pair of small horns on your head.
You are mostly covered in iridescent scales. (AC +4)
You possess an exceptional clarity of mind.
You do not regenerate when monsters are visible.


Message History

Aiming: Major Destruction (1% risk of failure)
Press: ? - help, Shift-Dir - straight line, f/p - skeletal warrior
Aim: a skeletal warrior, wielding a +0 halberd (almost destroyed)
The bolt of acid misses the skeletal warrior.
Okay, then.
You are confused.
You feel invigorated.
The centaur warrior shouts!
You hear two shouts!
You hear a shout!
The centaur warrior wields a +0 shortbow.
The centaur warrior shoots an arrow.
The arrow hits you but does no damage.
You feel much better.
The skeletal warrior completely misses you.
The centaur warrior shoots an arrow.
The arrow barely misses you.
You hear a shout!
The centaur warrior shoots an arrow.
The arrow hits you.
* * * LOW HITPOINT WARNING * * *
The skeletal warrior hits you from afar with a +0 halberd!
* * * LOW HITPOINT WARNING * * *
The centaur warrior shoots an arrow.
The arrow hits you!!
* * * LOW HITPOINT WARNING * * *
You are too confused!
A centaur comes into view.
The centaur shouts!
A centaur comes into view.
The centaur warrior shoots an arrow.
The arrow misses you.
Okay, then.
A red film seems to cover your vision as you go berserk!
You feel yourself moving faster!
You feel mighty!
The centaur warrior shoots an arrow.
The arrow barely misses you.
The skeletal warrior hits you from afar with a +0 halberd!
* * * LOW HITPOINT WARNING * * *
You bump into the rock wall.
You feel a strong urge to attack something.
You bump into the rock wall.
A centaur comes into view.
The skeletal warrior hits you from afar with a +0 halberd!
* * * LOW HITPOINT WARNING * * *
A cyclops comes into view.
The centaur warrior shoots an arrow.
The arrow hits you!
You die...

#...))# #)# #)#
#### #.# ##..#
#.###...#
##.......#
###.z.#...##
#.......###
##.#@#### ##...#
###.c### #.c..#
#####.c###
.#+#..C..####...
......c.........
[.#....#####...
.....##....##


You could see a skeletal warrior, a centaur warrior, a cyclops and 3 centaurs.

Vanquished Creatures
  Nessos (Lair:3)
  The ghost of Coawycapt the Tainter, a journeyman NaVM of Vehumet (Lair:3)
  A fire dragon (D:15)
  An ogre mage (D:12)
  A catoblepas (Lair:2)
  6 two-headed ogres
  5 hydras
  4 boulder beetles
  5 centaur warriors
  A tengu warrior (D:13)
  2 death yaks (Lair:1)
  A hell hog (Volcano)
  Nergalle (Lair:2)
  3 orc high priests (Orc:2)
  Amaemon (D:9)
  Sonja (Lair:2)
  The ghost of yumyumyeen the Nimble, a novice MiMo of Nemelex Xobeh (D:7)
  A fire crab (Volcano)
  Lodul (D:13)
  3 skeletal warriors
  7 orc knights
  A deep elf archer (D:13)
  A wizard (D:14)
  A deep elf zephyrmancer (D:13)
  3 deep elf pyromancers (D:13)
  3 ugly things
  7 orc sorcerers (Orc:2)
  2 manticores
  4 elephants (Lair:5)
  4 cyclopes
  2 black mambas
  10 cane toads
  A torpor snail (Lair:1)
  Maggie (D:10)
  A gargoyle (D:12)
  An orange demon (D:9)
  4 rime drakes
  4 centaur skeletons (D:13)
  8 yaktaurs
  12 komodo dragons
  An unseen horror (D:10)
  2 tengu conjurers
  13 trolls
  8 polar bears
  Prince Ribbit (D:6)
  3 slime creatures (D:12)
  21 blink frogs
  5 hornets
  18 dream sheep
  10 spriggans (Lair:5)
  A shadow (D:11)
  A vampire (D:7)
  2 wraiths
  4 wyverns
  28 yaks
  The ghost of kurumiz the Poker, an amateur MiGl (D:3)
  7 basilisks
  4 fire bats (Volcano)
  2 redbacks (Lair:3)
  2 wargs
  2 steam dragons (Volcano)
  2 hell hounds (Volcano)
  3 acid dragons
  14 water moccasins
  6 black bears
  21 orc warriors
  An ice beast (D:8)
  2 sky beasts (D:7)
  14 ogres
  7 boggarts
  15 centaurs
  21 wolves
  A kobold brigand (D:7)
  19 bullfrogs
  8 necrophages
  A gnoll sergeant (D:8)
  4 scorpions
  13 wights
  13 killer bees
  5 howler monkeys
  3 electric eels (Lair:3)
  5 jellies
  18 orc priests
  Terence (D:2)
  4 hounds
  2 iguanas
  4 hell rats (Lair:3)
  20 orc wizards
  11 gnolls
  An adder (D:2)
  2 white imps
  An ufetubus (D:5)
  2 worms
  A dart slug (D:1)
  57 orcs
  A bat (D:1)
  3 endoplasms
  15 giant cockroaches
  10 goblins
  8 hobgoblins
  11 jackals
  11 quokkas
  9 ball pythons
  15 frilled lizards
  26 kobolds
  5 rats
670 creatures vanquished.

Vanquished Creatures (collateral kills)
  A skeletal warrior (D:15)
  A centaur (D:14)
2 creatures vanquished.

Vanquished Creatures (others)
  19 fungi
  76 plants
95 creatures vanquished.

Grand Total: 767 creatures vanquished

Notes
Turn   | Place    | Note
-------+----------+-------------------------------------------
     0 | D:1      | purpskrrrp the Ogre Gladiator began the quest for the Orb.
     0 | D:1      | Reached XP level 1. HP: 22/22 MP: 1/1
   141 | D:1      | Reached skill level 3 in Fighting
   186 | D:1      | Reached XP level 2. HP: 28/31 MP: 2/2
   411 | D:1      | Found Oreesuk's General Store.
   427 | D:1      | Reached XP level 3. HP: 37/39 MP: 3/3
   436 | D:1      | Bought a scroll of identify for 22 gold pieces
   932 | D:2      | You fall into a shaft and drop 2 floors!
  1108 | D:4      | Reached skill level 4 in Fighting
  1227 | D:4      | Found Des Baps's Antique Weapon Emporium.
  1243 | D:4      | Reached XP level 4. HP: 3/49 MP: 4/4
  1508 | D:4      | Noticed a necrophage
  1519 | D:4      | Killed a necrophage
  1520 | D:4      | Reached skill level 5 in Fighting
  1520 | D:4      | Reached XP level 5. HP: 42/57 MP: 5/5
  1641 | D:4      | Found a staircase to the Ecumenical Temple.
  2176 | D:5      | Entered Level 5 of the Dungeon
  2341 | D:5      | Reached skill level 6 in Fighting
  2341 | D:5      | Reached XP level 6. HP: 19/67 MP: 6/6
  2785 | Temple   | Entered the Ecumenical Temple
  3151 | Temple   | Became a worshipper of Makhleb the Destroyer
  3211 | D:3      | Found a stormy altar of Qazlal.
  3513 | D:2      | Noticed Terence
  3524 | D:2      | Killed Terence
  3891 | D:3      | Reached * piety under Makhleb
  3899 | D:3      | Found the +8 whip "Snakebite" {venom, curare, rPois}
  4031 | D:3      | Reached skill level 1 in Invocations
  4108 | D:3      | Found a runed translucent door.
  4348 | D:3      | Reached skill level 1 in Maces & Flails
  4497 | D:3      | Noticed kurumiz's ghost (amateur MiGl)
  4519 | D:3      | Killed kurumiz's ghost
  4520 | D:3      | Reached skill level 7 in Fighting
  4520 | D:3      | Reached XP level 7. HP: 27/78 MP: 6/8
  5274 | D:5      | Reached XP level 8. HP: 83/88 MP: 9/9
  5365 | D:5      | Reached skill level 8 in Fighting
  5921 | D:6      | Reached skill level 9 in Fighting
  5932 | D:6      | Reached skill level 5 in Throwing
  6194 | D:6      | Found a glowing drain.
  6194 | D:6      | Noticed Prince Ribbit
  6198 | D:6      | Killed Prince Ribbit
  6199 | D:6      | Reached XP level 9. HP: 96/100 MP: 11/11
  6231 | Sewer    | Entered a sewer
  6248 | Sewer    | Reached ** piety under Makhleb
  6466 | Sewer    | Reached skill level 5 in Maces & Flails
  6786 | D:6      | Reached skill level 10 in Fighting
  6962 | D:6      | Reached *** piety under Makhleb
  7316 | D:7      | Reached skill level 5 in Invocations
  7497 | D:7      | Reached skill level 11 in Fighting
  7584 | D:7      | Found Higolaxo's Antique Armour Shoppe.
  7617 | D:7      | Reached XP level 10. HP: 114/114 MP: 13/13
  8100 | D:7      | Found a runed translucent door.
  8101 | D:7      | Noticed yumyumyeen's ghost (novice MiMo)
  8143 | D:7      | Reached **** piety under Makhleb
  9084 | D:8      | Reached skill level 12 in Fighting
  9389 | D:9      | Found a transporter.
  9391 | D:9      | Noticed cforsyth's ghost (novice TrFi)
  9403 | D:9      | Noticed an ice statue
  9415 | D:9      | Found a transporter.
  9421 | D:9      | Noticed an orange demon
  9428 | D:9      | Noticed Amaemon
  9434 | D:9      | Killed an orange demon
  9462 | D:9      | Killed Amaemon
  9622 | D:9      | Found a staircase to the Lair.
  9623 | D:9      | Noticed a cyclops
  9631 | D:9      | Killed a cyclops
  9644 | D:9      | Reached XP level 11. HP: 126/126 MP: 15/15
  9739 | D:9      | Noticed a boulder beetle
  9753 | D:9      | Killed a boulder beetle
  9754 | D:9      | Reached skill level 13 in Fighting
 10339 | D:10     | Entered Level 10 of the Dungeon
 10456 | D:10     | Found Ifiog's Armour Boutique.
 10588 | D:10     | Found a shimmering blue altar of Sif Muna.
 10725 | D:10     | Reached ***** piety under Makhleb
 10757 | D:10     | Noticed Maggie
 10768 | D:10     | Killed Maggie
 11219 | D:10     | Got Sif Muna's Compilation of Bolts
 11221 | D:10     | Got Sif Muna's Exposition on Blight
 11223 | D:10     | Got Sif Muna's Guide on Outbursts and Fire
 11276 | D:11     | Noticed a two-headed ogre
 11281 | D:11     | Killed a two-headed ogre
 11474 | D:11     | Found an ancient bone altar of Kikubaaqudgha.
 11562 | D:11     | Reached skill level 14 in Fighting
 11777 | D:11     | Noticed a boulder beetle
 11788 | D:11     | Killed a boulder beetle
 11991 | D:11     | Found a staircase to the Orcish Mines.
 12454 | D:11     | Gained mutation: You are strong-willed. (Will+) [potion of
                  | mutation]
 12454 | D:11     | Gained mutation: You are partially covered in iridescent
                  | scales. (AC +2) [potion of mutation]
 12454 | D:11     | Gained mutation: You do not regenerate when monsters are
                  | visible. [potion of mutation]
 12454 | D:11     | Gained mutation: You possess an exceptional clarity of
                  | mind. [potion of mutation]
 12458 | D:12     | Noticed a purple ugly thing
 12666 | D:12     | Noticed a cyclops
 12667 | D:12     | Noticed a cyclops
 12674 | D:12     | Killed a cyclops
 12681 | D:12     | Killed a cyclops
 12682 | D:12     | Reached skill level 10 in Throwing
 13082 | D:12     | Killed a purple ugly thing
 13083 | D:12     | Reached XP level 12. HP: 140/140 MP: 16/18
 13399 | D:12     | Reached skill level 15 in Fighting
 13491 | D:12     | Found Xoppeaj's Weapon Shop.
 13496 | D:12     | Noticed a centaur warrior
 13505 | D:12     | Killed a centaur warrior
 13654 | D:12     | Noticed an ogre mage
 13654 | D:12     | Noticed a two-headed ogre
 13654 | D:12     | Noticed a two-headed ogre
 13654 | D:12     | Noticed a two-headed ogre
 13654 | D:12     | Noticed a two-headed ogre
 13669 | D:12     | Killed a two-headed ogre
 13679 | D:12     | Killed an ogre mage
 13680 | D:12     | Reached skill level 10 in Maces & Flails
 13693 | D:12     | Killed a two-headed ogre
 13699 | D:12     | Killed a two-headed ogre
 14189 | D:12     | Killed a two-headed ogre
 14529 | D:13     | Noticed an eight-headed hydra
 14558 | D:13     | Killed an eight-headed hydra
 14582 | D:13     | Reached skill level 16 in Fighting
 15162 | D:13     | Noticed Lodul
 15345 | Lair:1   | Entered Level 1 of the Lair of Beasts
 15393 | Lair:1   | Reached XP level 13. HP: 113/154 MP: 19/19
 15395 | Lair:1   | Identified the +8 morningstar "Giantbane" {vorpal, Dex+7}
 17006 | Lair:2   | Found a dark tunnel.
 17016 | Volcano  | Entered a volcano
 17081 | Volcano  | Lost mutation: You are partially covered in iridescent
                  | scales. (AC +2) [potion of mutation]
 17081 | Volcano  | Lost mutation: You are strong-willed. (Will+) [potion of
                  | mutation]
 17081 | Volcano  | Gained mutation: You are partially covered in iridescent
                  | scales. (AC +2) [potion of mutation]
 17081 | Volcano  | Gained mutation: You have a pair of small horns on your
                  | head. [potion of mutation]
 17081 | Volcano  | Gained mutation: You are mostly covered in iridescent
                  | scales. (AC +4) [potion of mutation]
 17169 | Volcano  | Reached skill level 17 in Fighting
 17647 | Lair:2   | Noticed Nergalle
 17667 | Lair:2   | Killed Nergalle
 18082 | Lair:2   | Reached skill level 1 in Armour
 18200 | Lair:2   | Noticed Sonja
 18205 | Lair:2   | Killed Sonja
 19055 | Lair:3   | Noticed Nessos
 19200 | Lair:3   | Reached skill level 10 in Invocations
 19565 | Lair:3   | Killed Nessos
 19795 | Lair:3   | Found a large runed translucent door.
 19796 | Lair:3   | Found a large runed translucent door.
 19811 | Lair:3   | Found a staircase to the Shoals.
 19974 | Lair:3   | Reached ****** piety under Makhleb
 20130 | Lair:3   | Found a hole to the Spider Nest.
 20426 | Lair:3   | Noticed Coawycapt's ghost (journeyman NaVM)
 20881 | Lair:4   | Reached XP level 14. HP: 158/167 MP: 21/21
 20986 | Lair:4   | Reached skill level 18 in Fighting
 21565 | Lair:5   | Entered Level 5 of the Lair of Beasts
 23123 | Lair:5   | Found a staircase to the Slime Pits.
 23123 | Lair:5   | Found a viscous altar of Jiyva.
 23195 | Lair:5   | Reached skill level 19 in Fighting
 23588 | Lair:5   | Got the Guidebook on Summoning
 24051 | Lair:3   | Killed Coawycapt's ghost
 24284 | D:7      | Killed yumyumyeen's ghost
 24495 | Orc:1    | Entered Level 1 of the Orcish Mines
 24495 | Orc:1    | Found Gyph's Distillery.
 24581 | Orc:2    | Entered Level 2 of the Orcish Mines
 24584 | Orc:2    | Reached XP level 15. HP: 180/180 MP: 23/23
 24618 | Orc:2    | Found a staircase to the Elven Halls.
 24622 | Orc:2    | Found Fibewnit's Vocational Training.
 24640 | Orc:2    | Bought a manual of Invocations for 960 gold pieces
 25883 | Orc:2    | Found Ruruk's Antique Armour Emporium.
 25914 | Orc:2    | HP: 7/180 [orc knight/+0 war axe (28)]
 26681 | Orc:2    | Found Naosm's Weapon Emporium.
 26689 | Orc:2    | Found Caifaf's Magic Scroll Boutique.
 26695 | Orc:2    | Found Ydym's Distillery.
 26724 | Orc:2    | Bought a scroll of enchant armour for 97 gold pieces
 26746 | Orc:2    | Bought 2 potions of heal wounds for 130 gold pieces
 27455 | Orc:1    | You fall into a shaft and drop 1 floor!
 27638 | Orc:2    | Bought a scroll of identify for 26 gold pieces
 28134 | D:13     | Killed Lodul
 28150 | D:13     | Reached skill level 5 in Armour
 28444 | D:13     | Identified the +6 plate armour of Shielding {Int+8 Dex+3
                  | Stlth-}
 28539 | D:13     | Reached skill level 20 in Fighting
 28714 | D:13     | Noticed a frost giant
 28714 | D:13     | Noticed a tengu reaver
 28715 | D:13     | Found a runed translucent door.
 28833 | D:13     | Found a gate to the Vaults.
 29007 | D:14     | Identified a scroll of acquirement
 29406 | D:14     | Identified the +11 falchion of Starshine {flame, rPois rC-
                  | rCorr Dex+2}
 29629 | D:14     | Acquired a scarf of resistance
 30292 | D:14     | Found a portal to a secret trove of treasure.
 30698 | D:15     | Entered Level 15 of the Dungeon
 30835 | D:15     | HP: 10/276 [skeletal warrior/+0 halberd (13)]
 30837 | D:15     | Shot with an arrow by a centaur warrior

Illustrated notes

Levels and vault maps discovered:
D:1:      grunt_arrival_lava_bath, layout_loops_ring, serial_shops, shop,
          due_unseen_surprise
D:2:      layout_rooms, supply_closet_lemuel, uniq_terence
D:3:      layout_rooms, grunt_qazlal_sundering, ebering_ghost_reflecting_pool,
          kennysheep_generic_room_6
D:4:      layout_basic, temple_statues, serial_shops, nicolae_shop_trees,
          minmay_misc_feat_alley
D:5:      layout_cave_pools, chequers_jeans, chequers_garden,
          chequers_decorated_corner
D:6:      layout_loops_ring, portal_sewer_entry_a, chequers_mini_garden,
          sigmund_army, uniq_prince_ribbit1
D:7:      kennysheep_kobold_camp, layout_basic, serial_shops,
          nicolae_shop_advertising_works [nicolae_subvault_shop_adworks],
          gammafunk_ghost_grave, david_defended_altar_orc
D:8:      layout_loops_corners
D:9:      layout_stronghold, lair_entry_dummy, nzn_ghost_randoct, uniq_amaemon
D:10:     layout_cave_pools, nicolae_sif_muna_little_library, serial_shops,
          nicolae_take_the_stairs, uniq_maggie
D:11:     layout_irregular_city, orc_0_dummy, kiku_gazebo_pond_becter
D:12:     layout_gridville, serial_shops, kennysheep_mini_moat
D:13:     layout_rooms, hangedman_vaults_entry_quadrant_bands,
          kennysheep_treasure_room, uniq_lodul
D:14:     layout_gridville, minivault_19, nicolae_trove_entry_columns, drop_trap
D:15:     gammafunk_enter_depths_forms, layout_rooms
Temple:   mainiacjoe_temple_cubbyholes
Lair:1:   layout_hall_layers, nicolae_lair_grove_arrangements, minivault_23,
          grunt_megastairs_1, serial_bayou_shore_b, infiniplex_staircase_pool
Lair:2:   layout_long_grid, enter_volcano_1, uniq_nergalle, uniq_sonja
Lair:3:   layout_regular_city, elwin_shoals_entry_rooms, spider_nest_entry_webs,
          ebering_ghost_disaster_area, serial_bayou_shore_a, grunt_megastairs_5,
          uniq_nessos
Lair:4:   layout_gridlike, eino_small_chamber_without_monster,
          roderic_carrion_pond
Lair:5:   minmay_lair_end_enchanted_forest, layout_misc_corridors,
          nicolae_slime_entry_slimehenge, grunt_megastairs_4
Orc:1:    layout_diamond_mine, serial_shops, shop
Orc:2:    st_orc_elflike, layout_diamond_mine, nicolae_shop_vocational

Skill      XL: |  1  2  3  4  5  6  7  8  9 10 11 12 13 14 15 |
---------------+----------------------------------------------+-----
Fighting       | 3 4 5 6 7 9 11 12 14 16 17 19 20 | 20.3
Throwing       | 3 4 5 6 8 10 11 13 14 | 14.6
Axes           | 4 |  4.2
Invocations    | 1 2 3 5 6 8 9 10 11 12 | 12.8
Maces & Flails | 1 3 4 6 8 9 11 12 13 14 | 14.2
Armour         | 2 4 5 |  5.4
Dodging        | |  2.6

Action                   |  1- 3 |  4- 6 |  7- 9 | 10-12 | 13-15 || total
-------------------------+-------+-------+-------+-------+-------++-------
Melee: War axe           |   109 |    97 |       |       |       ||   206
       Punch             |     2 |     2 |     1 |     8 |    16 ||    29
       Whip              |       |    43 |   254 |   511 |  1122 ||  1930
       Headbutt          |       |       |       |       |   268 ||   268
Throw: Throwing net      |       |     3 |       |       |     2 ||     5
       Large rock        |       |     1 |       |    16 |   247 ||   264
       Dart              |       |       |       |     6 |   137 ||   143
Invok: Major Destruction |       |       |       |       |     8 ||     8
       Greater Servant o |       |       |       |       |     2 ||     2
Evoke: Wand              |       |       |       |     5 |     4 ||     9
  Use: Scroll            |     4 |     4 |     7 |    19 |    21 ||    55
       Potion            |     2 |       |       |     2 |    15 ||    19
 Stab: Sleeping          |       |       |     1 |       |       ||     1
       Held in net/web   |       |       |       |       |     1 ||     1
Armor: Robe              |    47 |    38 |    20 |       |       ||   105
       Troll leather arm |       |       |    18 |    65 |       ||    83
       Acid dragon scale |       |       |       |    47 |    18 ||    65
       Steam dragon scal |       |       |       |     5 |       ||     5
       Fire dragon scale |       |       |       |       |   384 ||   384
Dodge: Dodged            |    86 |    75 |   113 |   262 |   388 ||   924

Table legend: (Time is in decaauts)
 A = Elapsed time spent in this place.
 B = Non-inter-level travel time spent in this place.
 C = Inter-level travel time spent in this place.
 D = Time resting spent in this place.
 E = Time spent auto-exploring this place.
 F = Levels seen in this place.
 G = Mean time per level.
                   A        B        C        D        E       F      G
               +--------+--------+--------+--------+--------+-----+--------+
         Total |  30203 |  27501 |   2702 |   6409 |  16220 |  25 | 1208.1 |
       Dungeon |  17703 |  15691 |   2012 |   3224 |   9736 |  15 | 1180.2 |
        Temple |    396 |    318 |     78 |      0 |    299 |   1 |  396.0 |
          Lair |   8052 |   7853 |    199 |   2144 |   4589 |   5 | 1610.4 |
  Orcish Mines |   3162 |   2750 |    412 |    883 |   1354 |   2 | 1581.0 |
         Sewer |    465 |    465 |      0 |      0 |    147 |   1 |  465.0 |
       Volcano |    422 |    422 |      0 |    157 |     95 |   1 |  422.0 |
               +--------+--------+--------+--------+--------+-----+--------+

Top non-repeatable levels by time:
   Orc:2: 2321 daAuts
    D:13: 2214 daAuts
  Lair:5: 1982 daAuts
    D:11: 1936 daAuts
  Lair:3: 1882 daAuts
     D:4: 1722 daAuts
  Lair:1: 1592 daAuts
    D:12: 1582 daAuts
  Lair:4: 1405 daAuts
     D:7: 1300 daAuts
     D:9: 1198 daAuts
  Lair:2: 1189 daAuts
     D:3: 1135 daAuts
    D:14: 1121 daAuts
     D:6: 1051 daAuts
